AoeStats
← DarkSaintOfWar

Arena

509791317Analyzed
4v4 RM · 5d ago on Sep 28, 2026· 49m 1s· 8 players
Game mode
Random Map
Map size
Large (8 player)
Population
200
Speed
Normal
Resources
Standard
Victory
Conquest
Starting age
Dark Age
Ending age
Imperial Age
RankedLock teamsTeams togetherTeam positionsShared explorationLock speedFull tech treeHidden civsTurbo modeCheats
Victory
Defeat
🇺🇸 Mongols · United States
678
+8
🇺🇸 Japanese · United States
639
+9
🇮🇳 Teutons · India
638
+9
🇺🇸 Vietnamese · United States
573
+11
🇵🇦 Spanish · Panama
533
-11
🇨🇱 Mapuche · Chile
502
-10
🇨🇴 Hindustanis · Colombia
482
-9
🇪🇸 Khmer · Spain
390
-7
ruben92_7
12:56 Feudal Age
14:18 Wheelbarrow
19:15 Castle Age
20:39 Hand Cart
31:12 Imperial Age
35:35 Elite Ballista Elephant
39:54 Double Crossbow
43:01 Conscription
Avalon
0:29 Loom
12:15 Feudal Age
13:37 Wheelbarrow
12:44 Horse Collar
13:02 Double-Bit Axe
22:24 Man-at-Arms
26:24 Scale Mail Armor
30:47 Castle Age
38:31 Hand Cart
38:33 Bow Saw
38:07 Elite Skirmisher
39:23 Pikeman
39:30 Long Swordsman
41:48 Stone Mining
41:49 Gold Mining
42:49 Padded Archer Armor
42:40 Fletching
43:00 Forging
42:57 Scale Barding Armor
43:30 Heavy Plow
[@51]ErgoProxy
1:55 Loom
12:00 Feudal Age
12:42 Town Watch
12:41 Horse Collar
14:50 Wheelbarrow
18:23 Double-Bit Axe
23:14 Castle Age
22:45 Forging
22:37 Padded Archer Armor
22:28 Fletching
22:40 Scale Mail Armor
24:03 Heavy Plow
24:17 Bow Saw
24:59 Gold Mining
28:51 Scale Barding Armor
29:03 Leather Archer Armor
29:24 Iron Casting
29:09 Stone Mining
30:56 Chain Barding Armor
36:03 Imperial Age
33:36 Bodkin Arrow
33:59 Bloodlines
33:51 Husbandry
34:32 Pikeman
35:13 Squires
35:42 Gambesons
37:10 Conscription
40:16 Blast Furnace
39:24 Town Patrol
40:58 Cavalier
cvarascaica
Hitman4Hire24
0:35 Loom
13:14 Feudal Age
14:03 Double-Bit Axe
15:19 Horse Collar
15:34 Town Watch
16:35 Gold Mining
17:29 Stone Mining
17:44 Man-at-Arms
18:10 Arson
19:45 Wheelbarrow
25:39 Castle Age
25:17 Forging
25:08 Scale Mail Armor
25:09 Padded Archer Armor
24:59 Fletching
25:15 Scale Barding Armor
26:41 Hand Cart
26:39 Bow Saw
26:40 Heavy Plow
27:39 Chain Mail Armor
29:17 Coinage
28:50 Caravan
29:54 Town Patrol
32:06 Iron Casting
31:27 Bodkin Arrow
32:58 Stone Shaft Mining
33:00 Long Swordsman
35:51 Coinage
35:46 Chain Barding Armor
35:47 Leather Archer Armor
35:17 Treadmill Crane
38:08 Murder Holes
38:24 Fortified Wall
37:54 Pikeman
38:39 Squires
38:02 Light Cavalry
38:43 Husbandry
38:54 Bloodlines
38:08 Crossbowman
39:15 Thumb Ring
42:46 Imperial Age
42:00 Elite Skirmisher
44:06 Bracer
44:36 Ring Archer Armor
43:50 Imperial Skirmisher
44:21 Arbalester
45:14 Chatras
45:36 Paper Money
46:33 Guilds
46:55 Banking
47:49 Elite Battle Elephant
49:16 Crop Rotation
49:49 Two-Man Saw
49:29 Plate Barding Armor
49:25 Plate Mail Armor
drtySASQUATCH69
0:32 Loom
17:44 Feudal Age
19:00 Double-Bit Axe
19:53 Wheelbarrow
19:03 Horse Collar
19:16 Gold Mining
19:19 Stone Mining
23:05 Forging
23:01 Scale Barding Armor
23:11 Bloodlines
25:13 Castle Age
26:57 Bow Saw
26:52 Heavy Plow
27:31 Gold Shaft Mining
27:34 Iron Casting
27:19 Chain Barding Armor
27:03 Husbandry
29:09 Light Cavalry
34:01 Stone Shaft Mining
35:08 Hand Cart
36:57 Fletching
37:08 Padded Archer Armor
40:31 Imperial Age
38:44 Leather Archer Armor
39:54 Caravan
41:43 Conscription
41:29 Elite Steppe Lancer
42:22 Bodkin Arrow
44:15 Ballistics
44:59 Chemistry
44:08 Thumb Ring
44:30 Parthian Tactics
45:04 Bracer
46:06 Blast Furnace
47:09 Elite Mangudai
47:56 Scale Mail Armor
47:26 Heavy Camel Rider
DarkSaintOfWar
16:44 Feudal Age
18:16 Wheelbarrow
17:32 Double-Bit Axe
20:36 Gold Mining
20:41 Stone Mining
23:05 Arson
23:34 Forging
23:25 Scale Mail Armor
23:16 Fletching
27:13 Castle Age
29:26 Hand Cart
29:19 Squires
29:58 Iron Casting
29:39 Chain Mail Armor
29:53 Bow Saw
29:28 Horse Collar
30:29 Gold Shaft Mining
30:32 Treadmill Crane
32:45 Caravan
34:38 Bodkin Arrow
39:01 Imperial Age
39:28 Elite Samurai
40:30 Conscription
40:33 Kataparuto
41:19 Blast Furnace
40:51 Plate Mail Armor
40:23 Bracer
40:37 Siege Engineers
41:34 Chemistry
hangover
0:36 Loom
10:38 Feudal Age
13:14 Horse Collar
13:22 Double-Bit Axe
15:30 Gold Mining
15:30 Stone Mining
23:52 Castle Age
21:58 Man-at-Arms
22:24 Arson
28:07 Heavy Plow
28:21 Bow Saw
29:33 Caravan
30:04 Coinage
34:55 Town Watch
35:46 Wheelbarrow
39:46 Imperial Age
38:52 Ironclad
39:46 Town Patrol
40:02 Hand Cart
41:33 Chemistry
40:24 Heated Shot
40:55 Ballistics
40:24 Heavy Scorpion
42:40 Pikeman
45:38 Elite Teutonic Knight
49:15 Bombard Tower
49:01 Siphons
48:43 Arrowslits
Connection lost

Rejoining the realm…

Still unreachable

The connection could not be restored.

Session expired

The server has moved on; the page needs a fresh start.